 Dungeon Crawl Stone Soup version 0.28-a0-1286-g6bde065e89 (webtiles) character file.

Game seed: 13532998912601828930

42 browni3141 the Sneak (level 3, -1/21 HPs)
             Began as a Kobold Brigand on Dec 26, 2021.
             Slain by a goblin (3 damage)
             ... on level 2 of the Dungeon.
             The game lasted 00:01:13 (746 turns).

browni3141 the Sneak (Kobold Brigand)                Turns: 746, Time: 00:01:14

Health: -1/21      AC:  3    Str:  8    XL:     3   Next: 77%
Magic:  3/3        EV: 14    Int: 12    God:
Gold:   87         SH:  0    Dex: 18    Spells: 2/2 levels left

rFire   . . .      SeeInvis .   a - +2 dagger
rCold   . . .      Faith    .   (shield restricted)
rNeg    . . .      Spirit   .   b - +0 robe
rPois   .          Reflect  .   (no helmet)
rElec   .          Harm     .   c - +0 cloak
rCorr   .          Rampage  .   (no gloves)
Will    .....                   (no boots)
Stlth   +++++.....              (no amulet)
HPRegen 0.07/turn               (no ring)
MPRegen 0.08/turn               (no ring)

@: no status effects
A: small, no large weapons, nightstalker 3
a: no special abilities


You were on level 2 of the Dungeon.
You visited 1 branch of the dungeon, and saw 2 of its levels.

You collected 87 gold pieces.

Inventory:

Hand Weapons
 a - a +2 dagger (weapon)
Missiles
 d - 8 poisoned darts (quivered)
 e - 2 curare-tipped darts
Armour
 b - a +0 robe (worn)
 c - a +0 cloak (worn)
Scrolls
 f - a scroll of torment {unknown}
Potions
 g - a potion of mutation {unknown}


   Skills:
 - Level 2.2 Fighting
 - Level 2.7 Short Blades
 - Level 2.2 Throwing
 - Level 1.2 Dodging
 * Level 7.1 Stealth


You had 2 spell levels left.
You didn't know any spells.
Your spell library was empty.

Dungeon Overview and Level Annotations

Branches:
Dungeon (2/15)

Altars:


Innate Abilities, Weirdness & Mutations

You are small and have problems with some larger weapons.
You are completely attuned to the shadows.


Message History

You miss the jackal. The jackal closely misses you.
You hit the jackal.
The jackal is moderately wounded.
The jackal barely misses you.
You hit the jackal but do no damage.
The jackal is moderately wounded.
The jackal closely misses you.
You hit the jackal.
The jackal is almost dead.
The jackal barely misses you.
You hit the jackal but do no damage.
The jackal is almost dead.
The jackal barely misses you.
You hit the jackal.
You kill the jackal!
You closely miss the goblin. The goblin barely misses you.
You hit the goblin.
The goblin is severely wounded.
The goblin hits you with a +0 dagger.
* * * LOW HITPOINT WARNING * * *
The ball python closely misses you. The ball python barely misses you.
Found a whip.
You hit the goblin.
You kill the goblin!
You barely miss the ball python.
The ball python bites you but does no damage.
The ball python barely misses you.
You hit the ball python.
The ball python is severely wounded.
The ball python barely misses you. The ball python misses you.
You hit the ball python.
You kill the ball python!
You hit the goblin.
The goblin is moderately wounded.
The goblin unwields a +0 hunting sling.
The goblin wields a +0 dagger.
The goblin barely misses you.
You hit the goblin.
The goblin is heavily wounded.
The goblin hits you with a +0 dagger.
You die...

#.###..
######.....+##
.....##.#....##
....@g........##
.#####.#†..<...#
##?[!##)........
#)..).).####....
#.....###S.##...
.$..##..[$#.$#
.($+#+...S#
####.##[.


You could see a goblin.

Vanquished Creatures
  An adder (D:2)
  5 ball pythons
  3 endoplasms
  A giant cockroach (D:1)
  3 hobgoblins
  A jackal (D:2)
  3 kobolds
  A quokka (D:1)
  3 bats (D:1)
  2 frilled lizards (D:1)
  4 goblins
  4 rats (D:1)
31 creatures vanquished.

Notes
Turn   | Place    | Note
-------+----------+-------------------------------------------
     0 | D:1      | browni3141 the Kobold Brigand began the quest for the Orb.
     0 | D:1      | Reached XP level 1. HP: 12/12 MP: 1/1
    87 | D:1      | Reached XP level 2. HP: 17/17 MP: 2/2
   210 | D:1      | Reached skill level 6 in Stealth
   658 | D:1      | Reached XP level 3. HP: 21/21 MP: 3/3
   716 | D:2      | Reached skill level 7 in Stealth
   746 | D:2      | Slain by a goblin

Illustrated notes

Levels and vault maps discovered:
D:1:      saegor_arrival_under_anarchy, layout_rooms
D:2:      layout_loops_corners, ebering_ecumenical_altar_box, serial_glass,
          glass_columns_c, glass_columns_c, minmay_strange_pillars,
          item_on_display_a, minmay_joined_circles

Skill      XL: |  1  2  3 |
---------------+----------+-----
Stealth        | 6 7 |  7.1
Fighting       | |  2.2
Short Blades   | |  2.7
Throwing       | |  2.2
Dodging        | |  1.2

Action                   || total
-------------------------++-------
Melee: Dagger            ||    93
 Stab: Sleeping          ||     6
Armor: Robe              ||    15
Dodge: Dodged            ||    64

Table legend: (Time is in decaauts)
 A = Elapsed time spent in this place.
 B = Non-inter-level travel time spent in this place.
 C = Inter-level travel time spent in this place.
 D = Time resting spent in this place.
 E = Time spent auto-exploring this place.
 F = Levels seen in this place.
 G = Mean time per level.
                   A        B        C        D        E       F      G
               +--------+--------+--------+--------+--------+-----+--------+
         Total |    732 |    699 |     33 |      0 |    549 |   2 |  366.0 |
       Dungeon |    732 |    699 |     33 |      0 |    549 |   2 |  366.0 |
               +--------+--------+--------+--------+--------+-----+--------+

Top non-repeatable levels by time:
     D:1: 691 daAuts
     D:2: 41 daAuts
